 Dungeon Crawl Stone Soup version 0.27.0-1-g7a08968 (webtiles) character file.

Game seed: 8996277342583377706

418 brinewave the Ruffian (level 6, -1/59 HPs)
             Began as a Troll Berserker on Aug 12, 2021.
             Was a Believer of Trog.
             Slain by a gnoll (4 damage)
             ... on level 4 of the Dungeon.
             The game lasted 00:11:56 (3224 turns).

brinewave the Ruffian (Troll Berserker)             Turns: 3224, Time: 00:11:56

Health: -1/59      AC:  5    Str: 28    XL:     6   Next: 61%
Magic:  5/5        EV: 10    Int:  3    God:    Trog [**....]
Gold:   126        SH:  0    Dex:  9    Spells: 5/5 levels left

rFire    . . .     SeeInvis .     - Unarmed
rCold    . . .     Faith    .   (no shield)
rNeg     . . .     Spirit   .   a - +0 animal skin
rPois    .         Reflect  .   (helmet restricted)
rElec    .         Harm     .   q - +0 cloak
rCorr    .         Rampage  .   (gloves unavailable)
Will     .....                  (boots unavailable)
Stlth    +.........             (no amulet)
HPRegen  1.19/turn              (no ring)
MPRegen  0.09/turn              (no ring)

@: confused
A: large, unfitting armour, claws 3, regeneration 1, shaggy fur 1, tough skin 1
a: Renounce Religion, Berserk, Trog's Hand


You were on level 4 of the Dungeon.
You worshipped Trog.
Trog was pleased with you.
You visited 1 branch of the dungeon, and saw 4 of its levels.

You collected 126 gold pieces.

Inventory:

Hand Weapons
 e - a +0 whip
 g - a +0 hunting sling
 k - a +1 scythe of venom
Missiles
 b - 170 stones (quivered)
 c - 35 sling bullets
 d - 4 large rocks
 f - 24 arrows
 h - 20 bolts
Armour
 a - a +0 animal skin (worn)
 q - a +0 cloak (worn)
Wands
 l - a wand of digging (7)
 n - a wand of flame (21)
Scrolls
 i - a scroll of torment {unknown}
 j - a scroll of enchant armour {unknown}
 o - 4 scrolls of teleportation {unknown}
Potions
 m - a potion of heal wounds
 p - 2 potions of curing {unknown}


   Skills:
 - Level 2.4 Fighting
 + Level 4.2 Throwing
 - Level 2.4 Dodging
 + Level 5.7 Unarmed Combat


You had 5 spell levels left.
You didn't know any spells.
Your spell library was empty.

Dungeon Overview and Level Annotations

Branches:
Dungeon (4/15)
 Temple: D:4-7

Altars:

Shops:
D:3 (


Innate Abilities, Weirdness & Mutations

You are too large for most types of armour.
You have claws for hands.
Your natural rate of healing is unusually fast.
You are covered in fur. (AC +1)
You have tough skin. (AC +1)


Message History

The gnoll closely misses you. The gnoll hits you but does no damage.
The gnoll hits you from afar with a +0 spear.
The gnoll closely misses you. The gnoll misses you.
The gnoll shaman calls upon its god to speed up something.
The gnoll closely misses you.
An orc comes into view. It is wielding a +0 war axe.
The orc shouts!
An orc comes into view. It is wielding a +0 whip.
The gnoll hits you from afar with a +0 spear.
An orc wizard comes into view. It is wielding a +0 dagger.
The gnoll hits you but does no damage.
You closely miss the orc. The gnoll barely misses you.
The orc hits you with a +0 war axe.
You barely miss the orc.
The orc wizard shouts!
The gnoll hits you from afar with a +0 spear.
The gnoll hits you with a +0 club. The orc hits you with a +0 war axe.
The gnoll hits you but does no damage.
You scratch the orc. Your claw misses the orc.
The orc is moderately wounded.
The gnoll is no longer moving quickly.
The gnoll hits you from afar with a +0 spear.
The gnoll hits you with a +0 club. The orc hits you with a +0 war axe!
* * * LOW HITPOINT WARNING * * *
The gnoll closely misses you. The gnoll completely misses you.
The orc hits you with a +0 war axe!
* * * LOW HITPOINT WARNING * * *
The orc wizard gestures at you while chanting.
You are confused.
The orc closely misses you. The gnoll barely misses you.
The gnoll hits you from afar with a +0 halberd.
* * * LOW HITPOINT WARNING * * *
The gnoll barely misses you.
The orc wizard casts a spell.
The orc wizard flickers and vanishes!
Deactivating autopickup; reactivate with Ctrl-A.
You closely miss the gnoll. The gnoll closely misses you.
The gnoll hits you from afar with a +0 spear.
You die...

######...#)##...... #
##.........)<..#### #
##.................# #
#..................# #
#..................# #
##.........{........# ##
#........g..........#
.#####....g..ggg.o.......#
...##..#....g..o@...######
##.....##..........##
#.#g...########.###
##...##..# #...#
#..#####.######...# ####
#..........# ########...#
#...# #...#


You could see a gnoll shaman, 5 gnolls and 2 orcs.

Vanquished Creatures
  Sigmund (D:2)
  A bullfrog (D:3)
  An orc priest (D:3)
  An iguana (D:3)
  7 gnolls
  2 adders
  2 worms (D:3)
  A dart slug (D:1)
  7 ball pythons
  2 endoplasms
  3 giant cockroaches
  5 goblins
  7 hobgoblins
  7 jackals
  3 quokkas
  7 bats
  A frilled lizard (D:2)
  4 kobolds
  A rat (D:3)
63 creatures vanquished.

Notes
Turn   | Place    | Note
-------+----------+-------------------------------------------
     0 | D:1      | brinewave the Troll Berserker began the quest for the Orb.
     0 | D:1      | Reached XP level 1. HP: 22/22 MP: 0/0
   280 | D:1      | Reached skill level 1 in Throwing
   280 | D:1      | Reached XP level 2. HP: 29/29 MP: 1/1
   769 | D:1      | You fall into a shaft and drop 1 floor!
   835 | D:2      | Reached XP level 3. HP: 36/36 MP: 2/2
  1561 | D:2      | Noticed Sigmund
  1568 | D:2      | Killed Sigmund
  1569 | D:2      | Reached skill level 4 in Unarmed Combat
  1569 | D:2      | Reached XP level 4. HP: 44/44 MP: 3/3
  1569 | D:2      | Reached XP level 5. HP: 50/50 MP: 4/4
  1961 | D:3      | Reached ** piety under Trog
  2232 | D:3      | Found a faded altar of an unknown god.
  2239 | D:3      | Found a transporter.
  2320 | D:3      | Reached skill level 5 in Unarmed Combat
  2320 | D:3      | HP: 2/75 [orc priest/divine providence (12)]
  2355 | D:3      | Found a transporter.
  2403 | D:3      | Reached XP level 6. HP: 56/59 MP: 5/5
  2606 | D:3      | Found Amoyw's Antique Weapon Emporium.
  3221 | D:4      | HP: 2/59 [orc (10)]
  3224 | D:4      | Slain by a gnoll

Illustrated notes

Levels and vault maps discovered:
D:1:      lemuel_arrival_lava_pool, layout_basic
D:2:      layout_basic, uniq_sigmund
D:3:      gammafunk_wand_slinger, layout_basic,
          chequers_ecumenical_altar_simple_redux, serial_shops,
          nicolae_square_shop
D:4:      layout_rooms, minmay_temple_entry_butterflies

Skill      XL: |  1  2  3  4  5  6 |
---------------+-------------------+-----
Throwing       | 1 3 4 |  4.2
Unarmed Combat | 4 5 |  5.7
Fighting       | |  2.4
Dodging        | |  2.4

Action                   |  1- 3 |  4- 6 || total
-------------------------+-------+-------++-------
Melee: Unarmed           |    61 |   100 ||   161
       Punch             |     2 |     1 ||     3
Throw: Stone             |       |    15 ||    15
Invok: Berserk           |     1 |     1 ||     2
  Use: Scroll            |     3 |     3 ||     6
       Potion            |       |     1 ||     1
Armor: Animal skin       |    14 |    23 ||    37
Dodge: Dodged            |    30 |    67 ||    97
